 Dungeon Crawl Stone Soup version 0.24.0-123-gd5b16e6ec5 (webtiles) character file.

Game seed: 8043781624126515898, levelgen mode: deterministic

30158 FishyPogo the Thaumaturge (level 13, -1/101 HPs)
             Began as a Gnoll Skald on Jan 3, 2020.
             Was the Champion of Okawaru.
             Slain by a six-headed hydra (6 damage)
             ... on level 6 of the Lair of Beasts on Jan 4, 2020.
             The game lasted 01:15:21 (14777 turns).

FishyPogo the Thaumaturge (Gnoll Skald)            Turns: 14777, Time: 01:15:22

Health: -1/101     AC: 20    Str: 18    XL:     13   Next: 49%
Magic:  23/26      EV: 18    Int: 17    God:    Okawaru [******]
Gold:   851        SH:  0    Dex: 18    Spells: 3/31 levels left

rFire    . . .     SeeInvis .   a - +6 rapier (freeze)
rCold    + . .     Gourm    .   (no shield)
rNeg     . . .     Faith    .   w - +4 ring mail {rC+}
rPois    .         Spirit   .   (no helmet)
rElec    .         Reflect  .   l - +2 cloak
rCorr    .         Harm     .   n - +1 pair of gloves
MR       +....                  K - +2 pair of boots
Stlth    +++.......             x - amulet of the Soothsayer {RegenMP +Blink +Fly Dex+4}
HPRegen  1.26/turn              (no ring)
MPRegen  0.45/turn              e - ring of protection from magic

@: lethally poisoned (-1 -> -1), about to teleport, regenerating
A: distributed training, fangs 1, strong nose
a: Heroism, Finesse, Renounce Religion, Evoke Blink, Evoke Flight


You were on level 6 of the Lair of Beasts.
You worshipped Okawaru.
Okawaru was exalted by your worship.
You were hungry.

You visited 3 branches of the dungeon, and saw 18 of its levels.
You also visited: Gauntlet.

You collected 1005 gold pieces.
You spent 154 gold pieces at shops.

Inventory:

Hand Weapons
 a - a +6 rapier of freezing (weapon)
 u - a +6 broad axe
Missiles
 p - 11 javelins
 v - 41 poisoned darts
 y - 18 boomerangs (quivered)
 O - 5 curare-tipped darts
 X - a throwing net
Armour
 l - a +2 cloak (worn)
 n - a +1 pair of gloves (worn)
 w - a +4 ring mail of cold resistance (worn)
 K - a +2 pair of boots (worn)
Jewellery
 e - a ring of protection from magic (right hand)
 x - the amulet of the Soothsayer (around neck) {RegenMP +Blink +Fly Dex+4}
   (You acquired it on level 2 of the Lair of Beasts)

   [amulet of magic regeneration]

   It increases your magic regeneration.
   It affects your dexterity (+4).
   It lets you fly.
   It lets you blink.
 A - an uncursed ring of protection from cold
 E - an uncursed amulet of the acrobat
 S - an uncursed amulet of the gourmand
Wands
 c - a wand of iceblast (21)
 N - a wand of clouds (6)
 P - a wand of disintegration (38)
 V - a wand of paralysis (18)
Scrolls
 b - a scroll of holy word
 f - 2 scrolls of immolation
 g - 8 scrolls of identify
 h - 2 scrolls of enchant weapon
 q - 4 scrolls of enchant armour
 r - 5 scrolls of remove curse
 s - 3 scrolls of teleportation
 C - 2 scrolls of amnesia {unknown}
 D - 3 scrolls of fog {unknown}
 I - 2 scrolls of fear {unknown}
 T - 2 scrolls of silence {unknown}
 U - 2 scrolls of blinking {unknown}
Potions
 i - 2 potions of berserk rage
 j - 5 potions of flight
 k - 2 potions of ambrosia
 m - 2 potions of heal wounds
 o - 6 potions of resistance
 t - 2 potions of invisibility
 B - a potion of magic
 F - 2 potions of agility
 G - 3 potions of cancellation
 H - 2 potions of lignification
 Q - a potion of might
 W - 5 potions of curing
 Y - 4 potions of brilliance
Comestibles
 d - 30 rations
 z - 11 chunks of flesh


   Skills:
 + Level 9.4 Fighting
 + Level 9.4 Short Blades
 + Level 8.2 Long Blades
 + Level 8.2 Axes
 + Level 8.2 Maces & Flails
 + Level 8.2 Polearms
 + Level 8.2 Staves
 + Level 8.2 Slings
 + Level 8.2 Bows
 + Level 8.2 Crossbows
 + Level 8.2 Throwing
 + Level 8.6 Armour
 + Level 9.4 Dodging
 + Level 8.2 Stealth
 + Level 8.2 Shields
 + Level 8.2 Unarmed Combat
 + Level 9.6 Spellcasting
 + Level 6.8 Conjurations
 + Level 6.8 Hexes
 + Level 8.8 Charms
 + Level 6.8 Summonings
 + Level 6.8 Necromancy
 + Level 6.8 Translocations
 + Level 6.8 Transmutations
 + Level 6.8 Fire Magic
 + Level 6.8 Ice Magic
 + Level 6.8 Air Magic
 + Level 6.8 Earth Magic
 + Level 6.8 Poison Magic
 + Level 9.0 Invocations
 + Level 8.2 Evocations


You had 3 spell levels left.
You knew the following spells:

 Your Spells              Type           Power        Failure   Level  Hunger
b - Poisonous Vapours     Pois/Air       ####..       1%          2    None
c - Mephitic Cloud        Conj/Pois/Air  ####....     2%          3    None
h - Regeneration          Chrm/Necr      ####......   1%          3    None
j - Conjure Flame         Conj/Fire      ####....     2%          3    None
k - Summon Ice Beast      Ice/Summ       ####....     9%          4    ###....
l - Summon Lightning Spi  Summ/Air       ####....     9%          4    ###....
n - Spectral Weapon       Hex/Chrm       ####....     1%          3    None
p - Shroud of Golubria    Chrm/Tloc      ####..       1%          2    None
u - Song of Slaying       Chrm           #####...     1%          2    None
x - Apportation           Tloc           ####..       1%          1    None
y - Infusion              Chrm           ####         1%          1    None

Your spell library contained the following spells:

 Spells                   Type           Power        Failure   Level  Hunger
 Animate Skeleton         Necr           N/A          1%          1    None
 Confusing Touch          Hex            ####..       1%          1    None
 Summon Small Mammal      Summ           ####         1%          1    None
 Call Imp                 Summ           ####....     1%          2    None
 Call Canine Familiar     Summ           ####....     2%          3    None
 Summon Guardian Golem    Hex/Summ       ####....     2%          3    None
 Freezing Cloud           Conj/Ice/Air   ####......   78%         6    ######.
 Ring of Flames           Chrm/Fire      ####......   99%         7    #######


Dungeon Overview and Level Annotations

Branches:
Dungeon (12/15)            Temple (1/1) D:5            Lair (4/6) D:9
 Shoals (0/4) Lair:3       Spider (0/4) Lair:4          Orc (0/2) D:9
Gauntlet (visited)

Altars:
Ashenzari
Cheibriados
Dithmenos
Elyvilon
Fedhas
Gozag
Hepliaklqana
Kikubaaqudgha
Makhleb
Nemelex Xobeh
Okawaru
Qazlal
Ru
Sif Muna
Trog
Uskayaw
Vehumet
Wu Jian
Xom
Yredelemnul
Zin
The Shining One

Shops:
D:7 [

Annotations:
Lair:1 exclusions: electric eel and 4 more exclusions


Innate Abilities, Weirdness & Mutations

Your experience applies equally to all skills.
You have very sharp teeth.
Your uncanny sense of smell can sniff out nearby items.


Message History

You feel sick.
You hear a loud, deep croak!
You hear a croak.
The six-headed hydra bites you.
The six-headed hydra bites you but does no damage. x2
The six-headed hydra bites you.
The six-headed hydra bites you but does no damage. x2
The spiny frog stings the plant!!
Unknown command.
You hit the plant but do no damage.
The plant is almost destroyed.
You feel sick.
The spiny frog stings the plant!
The plant looks as sick as possible!
The spiny frog poisons the plant!
The blink frog hits you!
* * * LOW HITPOINT WARNING * * *
The blink frog blinks!
The spiny frog stings you!!
* * * LOW HITPOINT WARNING * * *
Casting: Shroud of Golubria (safe; 1% risk of failure)
Confirm with . or Enter, or press ? or * to list all spells.
Your skin crawls.
You feel sick. The six-headed hydra bites you.
You die...

.≈≈≈≈P ...≈.. ..!.≈ #...#
.y..# ###..### # #P#P...#
# ### #.@F..# ###
##.########PDF..####
#.###.#...#..##.F........
.......##.P.l.F.l........
.....l###P†..............
.....#.#.................
#.#.#######.##.##.......#
##### ###########.#.#
.###


You could see a six-headed hydra, a komodo dragon, 3 spiny frogs, a blink frog
and a vampire mosquito.

Vanquished Creatures
  4 hydras
  Erolcha (D:11)
  A two-headed ogre (D:10)
  5 death yaks
  A hell knight (D:11)
  Urug (Lair:4)
  A lindwurm (Lair:6)
  3 elephants (Lair:2)
  5 spiny frogs
  A black mamba (Lair:2)
  A merfolk siren (Lair:3)
  A gargoyle (D:11)
  5 komodo dragons
  A tengu conjurer (D:11)
  A troll (D:11)
  11 blink frogs
  6 hippogriffs
  2 redbacks (Lair:4)
  2 wraiths
  A spriggan (D:7)
  Eustachio (D:5)
  8 yaks
  2 wyverns
  Grum (D:9)
  2 hungry ghosts
  7 water moccasins
  4 hell hounds (D:11)
  5 porcupines
  Duvessa (D:6)
  2 ice beasts
  5 orc warriors
  3 phantoms
  3 sky beasts
  A necrophage (D:8)
  An eye of draining (D:10)
  5 centaurs
  4 ogres
  34 wolves
  4 crocodiles
  15 bullfrogs
  Dowan (D:6)
  5 scorpions
  11 killer bees
  10 wights
  4 crimson imps
  A bullfrog zombie (D:5)
  A quasit (D:9)
  2 centaur zombies
  3 jellies
  11 orc priests
  3 centaur skeletons
  9 orc wizards
  2 bullfrog skeletons
  5 hounds
  Crazy Yiuf (D:7)
  5 worker ants
  A hound skeleton (D:7)
  4 worker ant zombies
  Robin (D:2)
  16 adders
  A gnoll (D:2)
  A shadow imp (D:8)
  3 oozes
  2 adder zombies
  3 worms
  5 leopard geckos
  41 orcs
  5 giant cockroaches
  17 goblins
  18 hobgoblins
  15 jackals
  A quokka (D:7)
  A ball python (D:1)
  12 bats
  6 frilled lizards
  A jackal zombie (D:7)
  13 kobolds
  A leopard gecko skeleton (D:6)
  A quokka zombie (D:2)
  9 rats
  3 rat zombies (D:3)
  A spectral weapon (Lair:2)
418 creatures vanquished.

Vanquished Creatures (collateral kills)
  An elephant (Lair:2)
  A basilisk (Lair:3)
  7 wolves (Lair:2)
  A crocodile (Lair:3)
10 creatures vanquished.

Vanquished Creatures (others)
  An orc wizard (D:8)
  A bush (Lair:2)
  9 fungi
  51 plants
  17 spectral weapons
79 creatures vanquished.

Grand Total: 507 creatures vanquished

Notes
Turn   | Place    | Note
-------+----------+-------------------------------------------
     0 | D:1      | FishyPogo the Gnoll Skald began the quest for the Orb.
     0 | D:1      | Reached XP level 1. HP: 20/20 MP: 6/6
    66 | D:1      | Reached XP level 2. HP: 24/26 MP: 7/7
    70 | D:1      | Learned a level 2 spell: Song of Slaying
    73 | D:1      | Learned a level 2 spell: Shroud of Golubria
   267 | D:1      | Reached XP level 3. HP: 31/31 MP: 1/9
   399 | D:1      | Reached skill level 5 in Spellcasting
   503 | D:1      | Learned a level 3 spell: Regeneration
   507 | D:1      | Learned a level 3 spell: Spectral Weapon
   867 | D:2      | Noticed Robin
   881 | D:1      | Reached skill level 1 in Invocations
   980 | D:2      | Found a stormy altar of Qazlal.
   982 | D:2      | Found a radiant altar of Vehumet.
   984 | D:2      | Found a white marble altar of Elyvilon.
  1053 | D:2      | Reached skill level 1 in Long Blades
  1053 | D:2      | Reached skill level 1 in Axes
  1053 | D:2      | Reached skill level 1 in Maces & Flails
  1053 | D:2      | Reached skill level 1 in Polearms
  1053 | D:2      | Reached skill level 1 in Staves
  1053 | D:2      | Reached skill level 1 in Slings
  1053 | D:2      | Reached skill level 1 in Bows
  1053 | D:2      | Reached skill level 1 in Crossbows
  1053 | D:2      | Reached skill level 1 in Throwing
  1053 | D:2      | Reached skill level 1 in Stealth
  1053 | D:2      | Reached skill level 1 in Shields
  1053 | D:2      | Reached skill level 1 in Unarmed Combat
  1053 | D:2      | Reached skill level 1 in Evocations
  1062 | D:2      | Killed Robin
  1062 | D:2      | Reached XP level 4. HP: 25/38 MP: 8/11
  1572 | D:2      | Reached skill level 1 in Conjurations
  1572 | D:2      | Reached skill level 1 in Hexes
  1572 | D:2      | Reached skill level 1 in Summonings
  1572 | D:2      | Reached skill level 1 in Necromancy
  1572 | D:2      | Reached skill level 1 in Translocations
  1572 | D:2      | Reached skill level 1 in Transmutations
  1572 | D:2      | Reached skill level 1 in Fire Magic
  1572 | D:2      | Reached skill level 1 in Ice Magic
  1572 | D:2      | Reached skill level 1 in Air Magic
  1572 | D:2      | Reached skill level 1 in Earth Magic
  1572 | D:2      | Reached skill level 1 in Poison Magic
  1769 | D:3      | Reached XP level 5. HP: 41/43 MP: 7/12
  2338 | D:3      | Found an ancient bone altar of Kikubaaqudgha.
  2606 | D:4      | Noticed an orc warrior
  2656 | D:4      | Reached XP level 6. HP: 49/50 MP: 1/13
  2681 | D:4      | Killed an orc warrior
  2681 | D:4      | Reached skill level 5 in Fighting
  2681 | D:4      | Reached skill level 5 in Short Blades
  2681 | D:4      | Reached skill level 5 in Dodging
  2801 | D:4      | Found a shadowy altar of Dithmenos.
  2813 | D:4      | Noticed an orc warrior
  2915 | D:4      | Reached XP level 7. HP: 48/56 MP: 7/15
  3848 | D:5      | Entered Level 5 of the Dungeon
  3963 | D:5      | Reached XP level 8. HP: 63/63 MP: 4/16
  4030 | D:5      | Noticed Eustachio
  4042 | D:5      | Killed Eustachio
  4075 | D:5      | Found a staircase to the Ecumenical Temple.
  4084 | Temple   | Entered the Ecumenical Temple
  4192 | Temple   | Became a worshipper of Warmaster Okawaru
  4564 | D:5      | Found an ornate altar of the Wu Jian Council.
  4565 | D:5      | Got a bloodstained quarterstaff
  4566 | D:5      | Identified the cursed +0 quarterstaff of the Depths {flame,
                  | rF+ rC- Str+2 SInv} (You found it on level 5 of the
                  | Dungeon)
  5174 | D:6      | Found a shimmering blue altar of Sif Muna.
  5191 | D:6      | Noticed Dowan
  5194 | D:6      | Noticed Duvessa
  5223 | D:6      | Killed Duvessa
  5225 | D:6      | Killed Dowan
  5225 | D:6      | Reached XP level 9. HP: 68/69 MP: 10/18
  5470 | D:6      | Reached * piety under Okawaru
  5737 | D:6      | Found a glowing golden altar of the Shining One.
  5997 | D:7      | Found an iron altar of Okawaru.
  6046 | D:7      | Reached skill level 5 in Armour
  6123 | D:7      | Found a snail-covered altar of Cheibriados.
  6131 | D:7      | Found Ujydonk's Antique Armour Shoppe.
  6151 | D:7      | Bought a diamond-studded leather armour for 154 gold pieces
  6161 | D:7      | Identified the +0 leather armour of Conscience {Str-5 Int+2
                  | Dex+2} (You bought it in a shop on level 7 of the Dungeon)
  6276 | D:7      | Reached ** piety under Okawaru
  6445 | D:7      | Reached skill level 5 in Invocations
  6696 | D:7      | Found a runed translucent door.
  6697 | D:7      | Noticed Crazy Yiuf
  6706 | D:7      | Killed Crazy Yiuf
  7122 | D:8      | Found a hide-covered altar of Uskayaw.
  7122 | D:8      | Noticed a +0 dagger
  7122 | D:8      | Noticed a +0 dagger
  7123 | D:8      | Reached XP level 10. HP: 77/77 MP: 20/20
  7446 | D:8      | Reached skill level 5 in Long Blades
  7446 | D:8      | Reached skill level 5 in Axes
  7446 | D:8      | Reached skill level 5 in Maces & Flails
  7446 | D:8      | Reached skill level 5 in Polearms
  7446 | D:8      | Reached skill level 5 in Staves
  7446 | D:8      | Reached skill level 5 in Slings
  7446 | D:8      | Reached skill level 5 in Bows
  7446 | D:8      | Reached skill level 5 in Crossbows
  7446 | D:8      | Reached skill level 5 in Throwing
  7446 | D:8      | Reached skill level 5 in Stealth
  7446 | D:8      | Reached skill level 5 in Shields
  7446 | D:8      | Reached skill level 5 in Unarmed Combat
  7446 | D:8      | Reached skill level 5 in Evocations
  7613 | D:8      | Learned a level 1 spell: Apportation
  7629 | D:8      | Reached *** piety under Okawaru
  8260 | D:9      | Noticed Grum
  8272 | D:9      | Killed Grum
  8282 | D:9      | Reached **** piety under Okawaru
  8284 | D:9      | Found a glowing silver altar of Zin.
  8322 | D:9      | Found a bloodstained altar of Trog.
  8401 | D:9      | Found a staircase to the Orcish Mines.
  8530 | D:9      | Found a staircase to the Lair.
  8856 | D:10     | Entered Level 10 of the Dungeon
  8863 | D:10     | Found a basalt altar of Yredelemnul.
  8928 | D:10     | Found a sparkling altar of Nemelex Xobeh.
  9131 | D:10     | Received a gift from Okawaru
  9131 | D:10     | Reached XP level 11. HP: 70/84 MP: 16/22
  9217 | D:10     | Noticed a two-headed ogre
  9226 | D:10     | Killed a two-headed ogre
  9226 | D:10     | Reached ***** piety under Okawaru
  9437 | D:11     | Reached skill level 5 in Conjurations
  9437 | D:11     | Reached skill level 5 in Hexes
  9437 | D:11     | Reached skill level 5 in Summonings
  9437 | D:11     | Reached skill level 5 in Necromancy
  9437 | D:11     | Reached skill level 5 in Translocations
  9437 | D:11     | Reached skill level 5 in Transmutations
  9437 | D:11     | Reached skill level 5 in Fire Magic
  9437 | D:11     | Reached skill level 5 in Ice Magic
  9437 | D:11     | Reached skill level 5 in Air Magic
  9437 | D:11     | Reached skill level 5 in Earth Magic
  9437 | D:11     | Reached skill level 5 in Poison Magic
  9632 | D:11     | Noticed Erolcha
  9645 | D:11     | Killed Erolcha
  9742 | D:11     | Noticed a four-headed hydra
  9757 | D:11     | Killed a four-headed hydra
  9931 | D:11     | Noticed a hell knight
  9967 | D:11     | Noticed a hell knight
  9977 | D:11     | Noticed a hell knight
 10084 | D:11     | Killed a hell knight
 10139 | D:11     | Noticed a hell knight
 10139 | D:11     | Noticed a necromancer
 10147 | D:11     | Noticed a hell knight
 10591 | D:12     | Noticed a cyan ugly thing
 10719 | Lair:1   | Entered Level 1 of the Lair of Beasts
 10774 | Lair:1   | Reached ****** piety under Okawaru
 10774 | Lair:1   | Reached XP level 12. HP: 91/93 MP: 16/24
 10923 | Lair:1   | Noticed an eight-headed hydra
 10937 | Lair:1   | Noticed a five-headed hydra
 10945 | Lair:1   | Killed a five-headed hydra
 10945 | Lair:1   | Received a gift from Okawaru
 11198 | Lair:1   | Learned a level 2 spell: Poisonous Vapours
 11202 | Lair:1   | Learned a level 3 spell: Mephitic Cloud
 11206 | Lair:1   | Learned a level 3 spell: Conjure Flame
 11360 | Lair:1   | Learned a level 4 spell: Summon Lightning Spire
 11583 | Lair:2   | Noticed an eight-headed hydra
 11633 | Lair:1   | Received a gift from Okawaru
 12311 | Lair:2   | Received a gift from Okawaru
 12371 | Lair:2   | Identified a scroll of acquirement
 12372 | Lair:2   | Got a scintillating brass amulet
 12379 | Lair:2   | Identified the amulet of the Soothsayer {RegenMP +Blink
                  | +Fly Dex+4} (You acquired it on level 2 of the Lair of
                  | Beasts)
 12426 | Lair:2   | Learned a level 4 spell: Summon Ice Beast
 12741 | Lair:3   | Found a staircase to the Shoals.
 12850 | Lair:3   | Reached XP level 13. HP: 99/101 MP: 24/26
 13506 | Lair:3   | Received a gift from Okawaru
 13995 | Lair:4   | Found a gate leading to a gauntlet.
 14004 | Gauntlet | Entered a Gauntlet
 14004 | Gauntlet | Found a transporter.
 14007 | Gauntlet | Found a transporter.
 14024 | Gauntlet | Found a transporter.
 14027 | Gauntlet | Found a transporter.
 14037 | Gauntlet | Noticed a reaper
 14043 | Gauntlet | Found a transporter.
 14057 | Gauntlet | Found a transporter.
 14070 | Gauntlet | Found a transporter.
 14087 | Gauntlet | Found a transporter.
 14091 | Gauntlet | Found a transporter.
 14102 | Gauntlet | Found a transporter.
 14124 | Gauntlet | Found a transporter.
 14126 | Gauntlet | Found a transporter.
 14440 | Lair:4   | Found a hole to the Spider Nest.
 14562 | Lair:4   | Noticed Urug
 14580 | Lair:4   | Killed Urug
 14601 | Lair:4   | You fall into a shaft and drop 2 floors!
 14601 | Lair:6   | Entered Level 6 of the Lair of Beasts
 14776 | Lair:6   | HP: 5/101 [spiny frog (19)]
 14777 | Lair:6   | Slain by a six-headed hydra

Levels and vault maps discovered:
D:1:      dpeg_arrival_signposts, layout_basic, minmay_indecisive_spiral
D:2:      layout_loops_ring, nicolae_overflow_hidden_temple, first_ration,
          minmay_splitting_lines, minmay_diced_spiral, uniq_robin
D:3:      layout_loops_ring, lemuel_zombie_altar_kikubaaqudgha
D:4:      layout_layer_cave, overflow_temple_1_default
D:5:      layout_gridville, lemuel_coloured_pillars_altar,
          minmay_temple_entry_large_hall, kennysheep_generic_room_5,
          uniq_eustachio
D:6:      layout_basic, tso_altar, old_standard_altar,
          hangedman_minor_gate_pass, uniq_duvessa
D:7:      layout_loops_ring, basic_altar, serial_shops, shop, the_bakery,
          nicolae_zen_rock_garden, okawaru_ov_weapons_minmay,
          uniq_crazy_yiuf_cottage
D:8:      layout_cave_pods, dancing_weapons_uskayaw
D:9:      corexii_shack_village, layout_long_grid, david_lair_shrubbed,
          david_orc_1_choice, basic_altar, trog_three_pillars_becter, uniq_grum
D:10:     layout_cave_pools, basic_altar, nemelex_xobeh_ov_fountains_minmay
D:11:     layout_stronghold, roderic_filled_cross, minmay_rotating_lava,
          uniq_erolcha
D:12:     layout_loops_ring, uniq_psyche
Temple:   nicolae_temple_figure_eight
Lair:1:   layout_long_grid, serial_bayou_shore_a, grunt_megastairs_5,
          infiniplex_staircase_pool
Lair:2:   layout_gridlike, grunt_forest_large_clearings
Lair:3:   layout_cave_shapes, minmay_shoals_entry_lonely_mermaid,
          serial_bayou_shore_b
Lair:4:   wad_woods_pond, layout_regular_city, spider_nest_entry_webs,
          gauntlet_entry_generic, uniq_urug
Lair:6:   minmay_lair_end_frog_pond, layout_concentric_octagons,
          serial_bayou_shore_b, lemuel_fruit_fields

Skill      XL: |  1  2  3  4  5  6  7  8  9 10 11 12 13 |
---------------+----------------------------------------+-----
Spellcasting   | 5 6 7 8 9 |  9.6
Invocations    | 1 2 3 4 5 6 7 8 9 |  9.0
Long Blades    | 1 2 3 4 5 6 7 8 |  8.2
Axes           | 1 2 3 4 5 6 7 8 |  8.2
Maces & Flails | 1 2 3 4 5 6 7 8 |  8.2
Polearms       | 1 2 3 4 5 6 7 8 |  8.2
Staves         | 1 2 3 4 5 6 7 8 |  8.2
Slings         | 1 2 3 4 5 6 7 8 |  8.2
Bows           | 1 2 3 4 5 6 7 8 |  8.2
Crossbows      | 1 2 3 4 5 6 7 8 |  8.2
Throwing       | 1 2 3 4 5 6 7 8 |  8.2
Stealth        | 1 2 3 4 5 6 7 8 |  8.2
Shields        | 1 2 3 4 5 6 7 8 |  8.2
Unarmed Combat | 1 2 3 4 5 6 7 8 |  8.2
Evocations     | 1 2 3 4 5 6 7 8 |  8.2
Conjurations   | 1 2 3 4 5 6 |  6.8
Hexes          | 1 2 3 4 5 6 |  6.8
Summonings     | 1 2 3 4 5 6 |  6.8
Necromancy     | 1 2 3 4 5 6 |  6.8
Translocations | 1 2 3 4 5 6 |  6.8
Transmutations | 1 2 3 4 5 6 |  6.8
Fire Magic     | 1 2 3 4 5 6 |  6.8
Ice Magic      | 1 2 3 4 5 6 |  6.8
Air Magic      | 1 2 3 4 5 6 |  6.8
Earth Magic    | 1 2 3 4 5 6 |  6.8
Poison Magic   | 1 2 3 4 5 6 |  6.8
Armour         | 3 4 5 6 7 8 |  8.6
Fighting       | 5 6 7 8 9 |  9.4
Short Blades   | 5 6 7 8 9 |  9.4
Dodging        | 5 6 7 8 9 |  9.4
Charms         | 6 7 8 |  8.8

Action                   |  1- 3 |  4- 6 |  7- 9 | 10-12 | 13-15 || total
-------------------------+-------+-------+-------+-------+-------++-------
Melee: Short sword       |   119 |   167 |       |    17 |       ||   303
       Bite              |    15 |    14 |    28 |    60 |    17 ||   134
       Whip              |       |    27 |    79 |       |       ||   106
       Punch             |       |     2 |     5 |    20 |     8 ||    35
       Rapier            |       |       |   159 |   535 |   110 ||   804
       Quarterstaff      |       |       |       |     6 |       ||     6
       Unarmed           |       |       |       |     2 |       ||     2
Throw: Stone             |       |     5 |     3 |       |       ||     8
       Dart              |       |       |     1 |    54 |       ||    55
       Boomerang         |       |       |       |     6 |     2 ||     8
 Cast: Shroud of Golubri |    10 |    20 |    25 |    51 |    21 ||   127
       Infusion          |     1 |     2 |     6 |    13 |     8 ||    30
       Song of Slaying   |     2 |     6 |     2 |    13 |     1 ||    24
       Spectral Weapon   |       |    11 |    23 |    61 |    17 ||   112
       Regeneration      |       |     6 |     7 |    21 |    21 ||    55
       Apportation       |       |       |       |     1 |       ||     1
       Summon Lightning  |       |       |       |     9 |     2 ||    11
       Poisonous Vapours |       |       |       |     7 |     4 ||    11
       Mephitic Cloud    |       |       |       |     5 |     6 ||    11
       Summon Ice Beast  |       |       |       |     3 |     2 ||     5
 Abil: Evoke Flight      |       |       |       |     1 |       ||     1
  Use: Scroll            |       |       |    12 |    17 |     4 ||    33
       Potion            |       |       |       |     3 |     1 ||     4
 Stab: Sleeping          |     2 |     1 |     6 |    14 |     3 ||    26
       Distracted        |       |       |     2 |     3 |     2 ||     7
       Confused          |       |       |       |     3 |     5 ||     8
  Eat: Chunk             |     1 |     8 |    15 |    24 |     5 ||    53
       Ration            |       |       |       |       |     1 ||     1
Armor: Leather armour    |    24 |    35 |    16 |       |       ||    75
       Ring mail         |       |       |    20 |   205 |    49 ||   274
Dodge: Dodged            |    96 |   139 |   130 |   518 |    85 ||   968
